Predators vs Capitals

Created - March 30, 2016 at 18:16

Goals
1 2 3 OT1 T
Predators 1 0 2 1 4
Capitals 1 1 1 0 3
Shots
1 2 3 OT1 T
Predators 15 10 11 1 37
Capitals 10 6 17 0 33

1st period

1. Capitals , Taylor Hall 21 (Ryan McDonagh, Mike Green) at 0:43
2. Predators , Roman Josi 9 (Max Pacioretty, Derick Brassard) at 19:47 (PP)

Penalties :
Stephane Robidas (NSH) for Hooking (Minor) at 1:07, Zach Bogosian (NSH) for Hooking (Minor) at 5:07, Oscar Klefbom (NSH) for Hooking (Minor) at 13:41, Morgan Rielly (WSH) for Holding (Minor) at 14:25, Jiri Tlusty (WSH) for Tripping (Minor) at 18:18, Ryan Kesler (WSH) for Close Hand On Puck (Minor) at 19:12

2nd period

3. Capitals , Jay Harrison 1 (Nate Guenin, David Desharnais) at 17:18

Penalties :
Matt Stajan (WSH) for Hooking (Minor) at 2:18, Mike Green (WSH) for Hooking (Minor) at 6:23, Max Pacioretty (NSH) for Tripping (Minor) at 10:48, Max Pacioretty (NSH) for Slashing (Minor) at 18:53

3rd period

4. Capitals , Ryan Kesler 18 (Taylor Hall, Nate Guenin) at 2:24
5. Predators , Artem Anisimov 13 (T.J. Oshie, Vincent Trocheck) at 16:21
6. Predators , Max Pacioretty 29 (T.J. Oshie, Cody Franson) at 19:47 (PP)

Penalties :
John-Michael Liles (NSH) for Hooking (Minor) at 12:43, Cody Eakin (WSH) for Tripping (Minor) at 18:15

Overtime #1

7. Predators , T.J. Oshie 22 (Nicklas Backstrom) at 1:25

Penalties :
No Penalty

Goalie Stats

Pekka Rinne (NSH), 30 saves from 33 shots - (0.909), W, 38-19-5, 61:01 minutes
Cam Ward (WSH), 33 saves from 37 shots - (0.892), OTL, 21-26-8, 61:26 minutes

Players Stats for Predators

Player Name              G  A  P  +/- PIM S  H  SB GA TA FO     MP     PP MP  PK MP  
------------------------------------------------------------------------------------
Artem Anisimov           1  0  1   0  0   3  0  0  0  0  1/1    17:44   0:00   7:15 
Chris Kelly              0  0  0   0  0   0  0  0  0  0  4/8     5:56   0:00   3:24 
Cody Franson             0  1  1  -1  0   2  2  0  0  0  0/0    20:48   3:10   5:34 
Derick Brassard          0  1  1  -2  0   2  2  0  0  0  4/6    16:26   3:47   0:00 
Jaden Schwartz           0  0  0   0  0   6  1  0  0  0  1/3    19:13   5:20   0:00 
Joe Colborne             0  0  0   0  0   0  0  0  0  0  0/0     1:49   0:00   0:00 
John-Michael Liles       0  0  0   0  2   0  0  0  0  0  0/0     8:48   3:10   1:38 
Kevin Hayes              0  0  0  -2  0   1  0  1  0  0  0/0    13:22   0:00   0:00 
Max Pacioretty           1  1  2   0  4   6  1  0  0  0  1/2    19:35   3:47   0:00 
Nicklas Backstrom        0  1  1  -2  0   2  0  0  0  0  12/17  18:52   5:20   0:00 
Oscar Klefbom            0  0  0   0  2   0  1  0  0  0  0/0    15:16   0:00   0:00 
Roman Josi               1  0  1   0  0   5  3  0  0  0  0/0    24:47   5:57   0:09 
Stephane Robidas         0  0  0  -1  2   0  0  1  0  0  0/0    13:30   0:00   3:37 
Steven Stamkos           0  0  0   0  0   1  2  0  0  0  7/18   20:32   5:20   0:00 
T.J. Oshie               1  2  3   0  0   5  0  0  0  0  0/0    18:28   3:47   3:24 
Vincent Trocheck         0  1  1   0  0   2  2  0  0  0  20/39  18:59   0:00   7:15 
Zach Bogosian            0  0  0  -1  2   1  2  2  0  0  0/0    22:06   5:57   3:32 
Zbynek Michalek          0  0  0  -1  0   1  0  1  0  0  0/0    17:33   0:00   6:48 

Players Stats for Capitals

Player Name              G  A  P  +/- PIM S  H  SB GA TA FO     MP     PP MP  PK MP  
------------------------------------------------------------------------------------
Alexander Ovechkin       0  0  0   1  0   4  0  0  0  0  2/2    12:41   0:00   1:50 
Alexander Semin          0  0  0   0  0   0  0  0  0  0  0/0     4:22   0:00   0:00 
Andrew Desjardins        0  0  0   0  0   0  0  0  0  0  2/2     1:22   0:00   1:22 
Cody Eakin               0  0  0   0  2   4  2  0  0  0  5/14   21:28   4:30   5:08 
Curtis Lazar             0  0  0   1  0   0  0  0  0  0  0/0    13:27   0:00   0:00 
David Desharnais         0  1  1   1  0   0  0  0  0  0  10/15  19:17   6:09   2:11 
Derek Dorsett            0  0  0   1  0   0  1  0  0  0  0/0    17:48   4:30   2:11 
Jay Harrison             1  0  1   2  0   1  1  0  0  0  0/0    15:12   0:00   3:35 
Jiri Tlusty              0  0  0   0  2   1  0  0  0  0  1/5    22:15   6:09   0:00 
Mathieu Perreault        0  0  0   0  0   4  2  0  0  0  10/25  16:48   4:30   0:00 
Matt Stajan              0  0  0   0  2   0  0  0  0  0  2/6     5:37   0:00   0:26 
Mike Green               0  1  1   0  2   1  4  2  0  0  0/0    25:40   6:03   3:43 
Morgan Rielly            0  0  0   0  2   2  0  2  0  0  0/0    19:11   4:35   0:55 
Nate Guenin              0  2  2   2  0   2  0  2  0  0  0/0    21:09   4:36   4:29 
Ryan Kesler              1  0  1   1  2   8  4  0  0  0  12/24  24:09   6:09   4:30 
Ryan McDonagh            0  1  1   0  0   2  0  1  0  0  0/0    26:56   6:03   4:37 
Ryan Murphy              0  0  0   0  0   1  0  0  0  0  0/0    14:42   0:00   0:55 
Taylor Hall              1  1  2   1  0   3  0  0  0  0  0/1    12:37   0:00   0:00 

3 Stars

1 - T.J. Oshie (NSH)
2 - Taylor Hall (WSH)
3 - Jay Harrison (WSH)

Power Play

Predators - 2 on 6 Attempt(s) - 33.33%
Capitals - 0 on 6 Attempt(s) - 0.00%

Penalty Kill

Predators - 6 on 6 Attempt(s) - 100.00% - Score 0 goal in Penalty Kill
Capitals - 4 on 6 Attempt(s) - 66.67% - Score 0 goal in Penalty Kill

Team Stat

Predators - Hits : 16 - Faceoff Wins : 50 - Blocked Shots : 5 - Penalty Minutes : 12
Capitals - Hits : 14 - Faceoff Wins : 44 - Blocked Shots : 7 - Penalty Minutes : 12

Official

Referees : Ghislain Hebert and Kyle Rehman
Linesman : Don Henderson and Michel Cormier

Game Notes

No Game Note

Finance

Level 1 -- Attendance: 2287 (35.18%) -- Ticket Income $571,750
Level 2 -- Attendance: 1698 (33.96%) -- Ticket Income $339,600
Level 3 -- Attendance: 979 (27.97%) -- Ticket Income $171,325
Level 4 -- Attendance: 641 (25.58%) -- Ticket Income $96,150
Luxury Box -- Attendance: 400 (40.00%) -- Ticket Income $160,000
Game was played at the Verizon Center.
Total Attendance: 6005 (32.45%)
Total Ticket Income: $1,338,825
Other Income: $200,824
Total Income: $1,539,649

% Time on Ice - Predators

Lines # - Real PCT - Wanted PCT - Time Play
Normal Forward
1 - 34% - 34% - 13:22
2 - 34% - 33% - 13:19
3 - 27% - 28% - 10:29
4 - 5% - 5% - 1:49
Normal Defense
1 - 36% - 38% - 14:01
2 - 31% - 33% - 12:04
3 - 25% - 22% - 9:54
4 - 8% - 7% - 3:00
PP Forward
1 - 59% - 57% - 5:20
2 - 41% - 43% - 3:47
PP Defense
1 - 65% - 60% - 5:57
2 - 35% - 40% - 3:10
PK Forward
1 - 68% - 60% - 7:15
2 - 32% - 40% - 3:24
PK Defense
1 - 56% - 60% - 5:56
2 - 44% - 40% - 4:43
PK3 Forward
1 - 0% - 60%
2 - 0% - 40%
PK3 Defense
1 - 0% - 60%
2 - 0% - 40%
44 Forward
1 - 100% - 60% - 1:15
2 - 0% - 40% - 0:00
44 Defense
1 - 32% - 60% - 0:24
2 - 68% - 40% - 0:51
Last Minute Offensive  - 0:00
Last Minute Defensive  - 0:00
Total
Forward - 60:00
Defense - 60:00

% Time on Ice - Capitals

Lines # - Real PCT - Wanted PCT - Time Play
Normal Forward
1 - 32% - 33% - 12:37
2 - 29% - 30% - 11:09
3 - 28% - 22% - 10:51
4 - 11% - 15% - 4:22
Normal Defense
1 - 30% - 33% - 11:34
2 - 35% - 26% - 13:41
3 - 28% - 26% - 11:01
4 - 7% - 15% - 2:43
PP Forward
1 - 58% - 60% - 6:09
2 - 42% - 40% - 4:30
PP Defense
1 - 57% - 60% - 6:03
2 - 43% - 40% - 4:36
PK Forward
1 - 74% - 60% - 6:21
2 - 26% - 40% - 2:11
PK Defense
1 - 60% - 60% - 5:07
2 - 40% - 40% - 3:25
PK3 Forward
1 - 100% - 60% - 0:35
2 - 0% - 40% - 0:00
PK3 Defense
1 - 71% - 60% - 0:25
2 - 29% - 40% - 0:10
44 Forward
1 - 92% - 60% - 1:09
2 - 8% - 40% - 0:06
44 Defense
1 - 40% - 60% - 0:30
2 - 60% - 40% - 0:45
Last Minute Offensive  - 0:00
Last Minute Defensive  - 0:00
Total
Forward - 60:00
Defense - 60:00

Play by Play

1st period


0:01 of 1st period - Ryan Kesler wins face-off versus Nicklas Backstrom in neutral zone.
0:31 of 1st period - Shot by Ryan Kesler.
0:31 of 1st period - Shot Misses the Net.
0:33 of 1st period - Shot by Ryan McDonagh.
0:33 of 1st period - Shot Misses the Net.
0:39 of 1st period - Shot by Taylor Hall.
0:39 of 1st period - Shot Misses the Net.
0:43 of 1st period - Shot by Taylor Hall.
0:43 of 1st period - Goal by Taylor Hall - Predators : 0 - Capitals : 1.
0:44 of 1st period - Cody Eakin wins face-off versus Steven Stamkos in neutral zone.
0:44 of 1st period - Morgan Rielly is hit by Max Pacioretty and loses puck.
0:54 of 1st period - Shot by Jaden Schwartz.
0:54 of 1st period - Stopped by Cam Ward with a rebound.
1:00 of 1st period - Shot by Max Pacioretty.
1:00 of 1st period - Deflect By Steven Stamkos.
1:00 of 1st period - Shot Blocked by Morgan Rielly.
1:02 of 1st period - Shot by Max Pacioretty.
1:02 of 1st period - Stopped by Cam Ward without a rebound.
1:03 of 1st period - David Desharnais wins face-off versus Vincent Trocheck in Capitals zone.
1:07 of 1st period - Minor Penalty to Stephane Robidas for Hooking.
1:08 of 1st period - Vincent Trocheck wins face-off versus Jiri Tlusty in Predators zone.
2:50 of 1st period - Icing by Ryan Kesler.
2:51 of 1st period - Ryan Kesler wins face-off versus Chris Kelly in Capitals zone.
3:06 of 1st period - Shot by Ryan McDonagh.
3:06 of 1st period - Stopped by Pekka Rinne without a rebound.
3:07 of 1st period - Steven Stamkos wins face-off versus Ryan Kesler in Predators zone.
3:37 of 1st period - Shot by Steven Stamkos.
3:37 of 1st period - Shot Misses the Net.
4:09 of 1st period - Shot by Mathieu Perreault.
4:09 of 1st period - Shot Blocked by Zach Bogosian.
4:11 of 1st period - Shot by Jiri Tlusty.
4:11 of 1st period - Stopped by Pekka Rinne with a rebound.
4:27 of 1st period - Mathieu Perreault is hit by Derick Brassard and loses puck.
4:55 of 1st period - David Desharnais is hit by Cody Franson and loses puck.
5:07 of 1st period - Minor Penalty to Zach Bogosian for Hooking.
5:08 of 1st period - Vincent Trocheck wins face-off versus Mathieu Perreault in Predators zone.
5:25 of 1st period - Shot by Ryan McDonagh.
5:25 of 1st period - Shot Blocked by Zbynek Michalek.
5:58 of 1st period - Shot by Morgan Rielly.
5:58 of 1st period - Stopped by Pekka Rinne without a rebound.
5:59 of 1st period - Vincent Trocheck wins face-off versus Ryan Kesler in Predators zone.
5:59 of 1st period - Vincent Trocheck is hit by Ryan Kesler.
6:21 of 1st period - Icing by Ryan Kesler.
6:22 of 1st period - David Desharnais wins face-off versus Vincent Trocheck in Capitals zone.
6:29 of 1st period - Shot by Ryan Kesler.
6:29 of 1st period - Stopped by Pekka Rinne with a rebound.
7:13 of 1st period - Icing by Roman Josi.
7:14 of 1st period - Ryan Kesler wins face-off versus Steven Stamkos in Predators zone.
7:15 of 1st period - Shot by Taylor Hall.
7:15 of 1st period - Stopped by Pekka Rinne without a rebound.
7:16 of 1st period - Steven Stamkos wins face-off versus Ryan Kesler in Predators zone.
7:31 of 1st period - Shot by Jaden Schwartz.
7:31 of 1st period - Shot Misses the Net.
7:33 of 1st period - Shot by Roman Josi.
7:33 of 1st period - Stopped by Cam Ward without a rebound.
7:34 of 1st period - David Desharnais wins face-off versus Vincent Trocheck in Capitals zone.
7:36 of 1st period - Icing by Morgan Rielly.
7:37 of 1st period - Vincent Trocheck wins face-off versus David Desharnais in Capitals zone.
8:45 of 1st period - Shot by Max Pacioretty.
8:45 of 1st period - Shot Blocked by Morgan Rielly.
9:09 of 1st period - Icing by Steven Stamkos.
9:10 of 1st period - Steven Stamkos wins face-off versus Mathieu Perreault in Predators zone.
9:29 of 1st period - Nicklas Backstrom is hit by Cody Eakin and loses puck.
10:23 of 1st period - Icing by Stephane Robidas.
10:24 of 1st period - Vincent Trocheck wins face-off versus Ryan Kesler in Predators zone.
10:35 of 1st period - Shot by Vincent Trocheck.
10:35 of 1st period - Shot Misses the Net.
10:37 of 1st period - Shot by Artem Anisimov.
10:37 of 1st period - Stopped by Cam Ward with a rebound.
10:39 of 1st period - Shot by T.J. Oshie.
10:39 of 1st period - Shot Misses the Net.
11:23 of 1st period - Steven Stamkos is hit by Jay Harrison and loses puck.
12:05 of 1st period - David Desharnais is hit by Steven Stamkos and loses puck.
12:30 of 1st period - Icing by Nicklas Backstrom.
12:31 of 1st period - Nicklas Backstrom wins face-off versus Matt Stajan in Predators zone.
12:38 of 1st period - Mike Green is hit by Derick Brassard and loses puck.
13:15 of 1st period - Shot by T.J. Oshie.
13:15 of 1st period - Stopped by Cam Ward without a rebound.
13:16 of 1st period - Vincent Trocheck wins face-off versus Ryan Kesler in Capitals zone.
13:19 of 1st period - Shot by T.J. Oshie.
13:19 of 1st period - Stopped by Cam Ward without a rebound.
13:20 of 1st period - David Desharnais wins face-off versus Vincent Trocheck in Capitals zone.
13:31 of 1st period - Shot by Alexander Ovechkin.
13:31 of 1st period - Stopped by Pekka Rinne without a rebound.
13:32 of 1st period - Ryan Kesler wins face-off versus Max Pacioretty in Predators zone.
13:37 of 1st period - Shot by Taylor Hall.
13:37 of 1st period - Shot Misses the Net.
13:39 of 1st period - Shot by Ryan Murphy.
13:39 of 1st period - Stopped by Pekka Rinne without a rebound.
13:40 of 1st period - Mathieu Perreault wins face-off versus Vincent Trocheck in Predators zone.
13:40 of 1st period - Mathieu Perreault is hit by Oscar Klefbom.
13:41 of 1st period - Minor Penalty to Oscar Klefbom for Hooking.
13:42 of 1st period - Ryan Kesler wins face-off versus Vincent Trocheck in Predators zone.
14:09 of 1st period - Shot by Mike Green.
14:09 of 1st period - Stopped by Pekka Rinne without a rebound.
14:10 of 1st period - Mathieu Perreault wins face-off versus Vincent Trocheck in Predators zone.
14:21 of 1st period - Icing by Mathieu Perreault.
14:22 of 1st period - Vincent Trocheck wins face-off versus Mathieu Perreault in Capitals zone.
14:25 of 1st period - Shot by Artem Anisimov.
14:25 of 1st period - Stopped by Cam Ward without a rebound.
14:25 of 1st period - Minor Penalty to Morgan Rielly for Holding.
14:26 of 1st period - Vincent Trocheck wins face-off versus Mathieu Perreault in Capitals zone.
14:49 of 1st period - Shot by Vincent Trocheck.
14:49 of 1st period - Stopped by Cam Ward without a rebound.
14:50 of 1st period - Mathieu Perreault wins face-off versus Vincent Trocheck in Capitals zone.
15:14 of 1st period - Shot by Vincent Trocheck.
15:14 of 1st period - Shot Misses the Net.
15:16 of 1st period - Shot by Zbynek Michalek.
15:16 of 1st period - Stopped by Cam Ward with a rebound.
15:50 of 1st period - Shot by Steven Stamkos.
15:50 of 1st period - Stopped by Cam Ward without a rebound.
15:51 of 1st period - Nicklas Backstrom wins face-off versus Cody Eakin in Capitals zone.
15:54 of 1st period - Shot by Steven Stamkos.
15:54 of 1st period - Shot Misses the Net.
16:04 of 1st period - Shot by Nicklas Backstrom.
16:04 of 1st period - Shot Misses the Net.
16:06 of 1st period - Shot by Roman Josi.
16:06 of 1st period - Stopped by Cam Ward without a rebound.
16:07 of 1st period - Nicklas Backstrom wins face-off versus Cody Eakin in Capitals zone.
16:12 of 1st period - Shot by Jaden Schwartz.
16:12 of 1st period - Deflect By Nicklas Backstrom.
16:12 of 1st period - Shot Misses the Net.
16:27 of 1st period - Icing by Roman Josi.
16:28 of 1st period - Chris Kelly wins face-off versus Matt Stajan in Predators zone.
17:00 of 1st period - Icing by Stephane Robidas.
17:01 of 1st period - David Desharnais wins face-off versus Chris Kelly in Predators zone.
17:06 of 1st period - Shot by Alexander Ovechkin.
17:06 of 1st period - Stopped by Pekka Rinne without a rebound.
17:07 of 1st period - Nicklas Backstrom wins face-off versus David Desharnais in Predators zone.
18:06 of 1st period - Icing by Zach Bogosian.
18:07 of 1st period - Mathieu Perreault wins face-off versus Vincent Trocheck in Predators zone.
18:18 of 1st period - Minor Penalty to Jiri Tlusty for Tripping.
18:19 of 1st period - Nicklas Backstrom wins face-off versus Cody Eakin in Capitals zone.
18:30 of 1st period - Shot by Steven Stamkos.
18:30 of 1st period - Shot Misses the Net.
18:32 of 1st period - Shot by Cody Franson.
18:32 of 1st period - Stopped by Cam Ward without a rebound.
18:33 of 1st period - Derick Brassard wins face-off versus Cody Eakin in Capitals zone.
18:47 of 1st period - Icing by Zach Bogosian.
18:48 of 1st period - Derick Brassard wins face-off versus Cody Eakin in Predators zone.
19:12 of 1st period - Minor Penalty to Ryan Kesler for Close Hand On Puck.
19:13 of 1st period - Andrew Desjardins wins face-off versus Steven Stamkos in Capitals zone.
19:28 of 1st period - Shot by Steven Stamkos.
19:28 of 1st period - Deflect By Jaden Schwartz.
19:28 of 1st period - Stopped by Cam Ward without a rebound.
19:29 of 1st period - Cody Eakin wins face-off versus Derick Brassard in Capitals zone.
19:39 of 1st period - Icing by Roman Josi.
19:40 of 1st period - Derick Brassard wins face-off versus Cody Eakin in Predators zone.
19:45 of 1st period - Shot by Max Pacioretty.
19:45 of 1st period - Stopped by Cam Ward with a rebound.
19:47 of 1st period - Shot by Roman Josi.
19:47 of 1st period - Goal by Roman Josi - Predators : 1 - Capitals : 1.
19:48 of 1st period - Cody Eakin wins face-off versus Jaden Schwartz in neutral zone.
Goals for this period are 1 for Predators vs 1 for Capitals.
Shots for this period are 15 for Predators vs 10 for Capitals.

2nd period


0:01 of 2nd period - Nicklas Backstrom wins face-off versus Cody Eakin in neutral zone.
0:50 of 2nd period - Shot by Alexander Ovechkin.
0:50 of 2nd period - Stopped by Pekka Rinne without a rebound.
0:51 of 2nd period - Derick Brassard wins face-off versus David Desharnais in Predators zone.
2:18 of 2nd period - Minor Penalty to Matt Stajan for Hooking.
2:19 of 2nd period - Nicklas Backstrom wins face-off versus Cody Eakin in Capitals zone.
2:28 of 2nd period - Shot by Jaden Schwartz.
2:28 of 2nd period - Stopped by Cam Ward with a rebound.
2:48 of 2nd period - Shot by Steven Stamkos.
2:48 of 2nd period - Shot Misses the Net.
5:08 of 2nd period - Shot by Steven Stamkos.
5:08 of 2nd period - Shot Misses the Net.
5:10 of 2nd period - Shot by Max Pacioretty.
5:10 of 2nd period - Shot Misses the Net.
5:12 of 2nd period - Shot by Steven Stamkos.
5:12 of 2nd period - Shot Misses the Net.
5:50 of 2nd period - Icing by Alexander Semin.
5:51 of 2nd period - Matt Stajan wins face-off versus Vincent Trocheck in Capitals zone.
6:08 of 2nd period - Shot by Cody Franson.
6:08 of 2nd period - Stopped by Cam Ward without a rebound.
6:09 of 2nd period - Nicklas Backstrom wins face-off versus Ryan Kesler in Capitals zone.
6:20 of 2nd period - Shot by Kevin Hayes.
6:20 of 2nd period - Shot Misses the Net.
6:23 of 2nd period - Minor Penalty to Mike Green for Hooking.
6:24 of 2nd period - Cody Eakin wins face-off versus Derick Brassard in Capitals zone.
6:31 of 2nd period - Shot by Ryan Kesler.
6:31 of 2nd period - Stopped by Pekka Rinne without a rebound.
6:32 of 2nd period - Nicklas Backstrom wins face-off versus Cody Eakin in Predators zone.
8:26 of 2nd period - Icing by Ryan McDonagh.
8:27 of 2nd period - Vincent Trocheck wins face-off versus Ryan Kesler in Capitals zone.
9:51 of 2nd period - Shot by Nicklas Backstrom.
9:51 of 2nd period - Deflect By Derick Brassard.
9:51 of 2nd period - Stopped by Cam Ward without a rebound.
9:52 of 2nd period - David Desharnais wins face-off versus Steven Stamkos in Capitals zone.
10:09 of 2nd period - Max Pacioretty is hit by Mike Green and loses puck.
10:12 of 2nd period - Shot by Max Pacioretty.
10:12 of 2nd period - Stopped by Cam Ward without a rebound.
10:13 of 2nd period - Ryan Kesler wins face-off versus Nicklas Backstrom in Capitals zone.
10:22 of 2nd period - Shot by Morgan Rielly.
10:22 of 2nd period - Shot Blocked by Kevin Hayes.
10:46 of 2nd period - Shot by Derick Brassard.
10:46 of 2nd period - Stopped by Cam Ward without a rebound.
10:47 of 2nd period - Mathieu Perreault wins face-off versus Steven Stamkos in Capitals zone.
10:47 of 2nd period - Mathieu Perreault is hit by Jaden Schwartz.
10:48 of 2nd period - Minor Penalty to Max Pacioretty for Tripping.
10:49 of 2nd period - Vincent Trocheck wins face-off versus Mathieu Perreault in Predators zone.
11:58 of 2nd period - Shot by T.J. Oshie.
11:58 of 2nd period - Stopped by Cam Ward without a rebound.
11:59 of 2nd period - Vincent Trocheck wins face-off versus Ryan Kesler in Capitals zone.
12:56 of 2nd period - Shot by Jay Harrison.
12:56 of 2nd period - Deflect By Taylor Hall.
12:56 of 2nd period - Shot Misses the Net.
13:05 of 2nd period - Off-side.
13:06 of 2nd period - Nicklas Backstrom wins face-off versus Matt Stajan in neutral zone.
14:05 of 2nd period - Jay Harrison is hit by Cody Franson and loses puck.
14:42 of 2nd period - Shot by Steven Stamkos.
14:42 of 2nd period - Shot Blocked by Nate Guenin.
14:49 of 2nd period - Icing by Nate Guenin.
14:50 of 2nd period - Alexander Ovechkin wins face-off versus Vincent Trocheck in Capitals zone.
15:34 of 2nd period - Off-side.
15:35 of 2nd period - Mathieu Perreault wins face-off versus Nicklas Backstrom in neutral zone.
15:39 of 2nd period - Off-side.
15:40 of 2nd period - Mathieu Perreault wins face-off versus Steven Stamkos in neutral zone.
16:18 of 2nd period - Roman Josi is hit by Mathieu Perreault and loses puck.
16:40 of 2nd period - Mike Green is hit by Zach Bogosian and loses puck.
16:44 of 2nd period - Ryan Kesler is hit by Zach Bogosian.
16:46 of 2nd period - Shot by Taylor Hall.
16:46 of 2nd period - Shot Blocked by Zach Bogosian.
16:48 of 2nd period - Shot by Curtis Lazar.
16:48 of 2nd period - Shot Hit the Post.
17:04 of 2nd period - Shot by Ryan Kesler.
17:04 of 2nd period - Stopped by Pekka Rinne without a rebound.
17:05 of 2nd period - Alexander Ovechkin wins face-off versus Vincent Trocheck in Predators zone.
17:16 of 2nd period - Shot by Nate Guenin.
17:16 of 2nd period - Shot Blocked by Stephane Robidas.
17:18 of 2nd period - Shot by Jay Harrison.
17:18 of 2nd period - Goal by Jay Harrison - Predators : 1 - Capitals : 2.
17:19 of 2nd period - Chris Kelly wins face-off versus Matt Stajan in neutral zone.
17:24 of 2nd period - Shot by T.J. Oshie.
17:24 of 2nd period - Stopped by Cam Ward without a rebound.
17:25 of 2nd period - Nicklas Backstrom wins face-off versus Mathieu Perreault in Capitals zone.
17:31 of 2nd period - Icing by Mike Green.
17:32 of 2nd period - Max Pacioretty wins face-off versus Mathieu Perreault in Capitals zone.
17:47 of 2nd period - Shot by Max Pacioretty.
17:47 of 2nd period - Stopped by Cam Ward with a rebound.
17:49 of 2nd period - Shot by Jaden Schwartz.
17:49 of 2nd period - Stopped by Cam Ward without a rebound.
17:50 of 2nd period - Ryan Kesler wins face-off versus Vincent Trocheck in Capitals zone.
17:50 of 2nd period - Ryan Kesler is hit by Vincent Trocheck.
17:55 of 2nd period - Taylor Hall is hit by Vincent Trocheck and loses puck.
18:06 of 2nd period - Shot by Zach Bogosian.
18:06 of 2nd period - Stopped by Cam Ward without a rebound.
18:07 of 2nd period - Steven Stamkos wins face-off versus Jiri Tlusty in Capitals zone.
18:07 of 2nd period - Roman Josi is hit by Mike Green and loses puck.
18:35 of 2nd period - Jiri Tlusty is hit by Roman Josi and loses puck.
18:53 of 2nd period - Minor Penalty to Max Pacioretty for Slashing.
18:54 of 2nd period - Artem Anisimov wins face-off versus Jiri Tlusty in Predators zone.
19:28 of 2nd period - Shot by Ryan Kesler.
19:28 of 2nd period - Stopped by Pekka Rinne with a rebound.
19:30 of 2nd period - Shot by Ryan Kesler.
19:30 of 2nd period - Stopped by Pekka Rinne with a rebound.
19:59 of 2nd period - Icing by Ryan McDonagh.
Goals for this period are 0 for Predators vs 1 for Capitals.
Shots for this period are 10 for Predators vs 6 for Capitals.

3rd period


0:01 of 3rd period - David Desharnais wins face-off versus Vincent Trocheck in neutral zone.
1:08 of 3rd period - Shot by Nicklas Backstrom.
1:08 of 3rd period - Stopped by Cam Ward without a rebound.
1:09 of 3rd period - Steven Stamkos wins face-off versus Mathieu Perreault in Capitals zone.
1:10 of 3rd period - Shot by Jaden Schwartz.
1:10 of 3rd period - Stopped by Cam Ward with a rebound.
1:12 of 3rd period - Shot by Roman Josi.
1:12 of 3rd period - Stopped by Cam Ward with a rebound.
1:40 of 3rd period - Shot by Max Pacioretty.
1:40 of 3rd period - Shot Misses the Net.
1:42 of 3rd period - Shot by Roman Josi.
1:42 of 3rd period - Stopped by Cam Ward without a rebound.
1:43 of 3rd period - Ryan Kesler wins face-off versus Nicklas Backstrom in Capitals zone.
2:18 of 3rd period - Shot by Ryan Kesler.
2:18 of 3rd period - Shot Misses the Net.
2:22 of 3rd period - Shot by Ryan Kesler.
2:22 of 3rd period - Stopped by Pekka Rinne with a rebound.
2:24 of 3rd period - Shot by Ryan Kesler.
2:24 of 3rd period - Goal by Ryan Kesler - Predators : 1 - Capitals : 3.
2:25 of 3rd period - David Desharnais wins face-off versus Vincent Trocheck in neutral zone.
2:41 of 3rd period - David Desharnais is hit by Roman Josi and loses puck.
3:56 of 3rd period - Shot by Cody Eakin.
3:56 of 3rd period - Stopped by Pekka Rinne with a rebound.
4:13 of 3rd period - Ryan Murphy is hit by Steven Stamkos and loses puck.
4:54 of 3rd period - Shot by Kevin Hayes.
4:54 of 3rd period - Stopped by Cam Ward without a rebound.
4:55 of 3rd period - Chris Kelly wins face-off versus David Desharnais in Capitals zone.
5:11 of 3rd period - Icing by Mike Green.
5:12 of 3rd period - Steven Stamkos wins face-off versus David Desharnais in Capitals zone.
5:16 of 3rd period - Max Pacioretty is hit by Mike Green.
5:40 of 3rd period - Oscar Klefbom is hit by Derek Dorsett and loses puck.
5:54 of 3rd period - Icing by Oscar Klefbom.
5:55 of 3rd period - Ryan Kesler wins face-off versus Steven Stamkos in Predators zone.
7:54 of 3rd period - Shot by Vincent Trocheck.
7:54 of 3rd period - Shot Blocked by Mike Green.
7:56 of 3rd period - Shot by Vincent Trocheck.
7:56 of 3rd period - Stopped by Cam Ward without a rebound.
7:57 of 3rd period - Steven Stamkos wins face-off versus Ryan Kesler in Capitals zone.
8:18 of 3rd period - Shot by Ryan Kesler.
8:18 of 3rd period - Shot Misses the Net.
8:33 of 3rd period - Shot by Jaden Schwartz.
8:33 of 3rd period - Shot Misses the Net.
9:20 of 3rd period - Alexander Ovechkin is hit by Roman Josi and loses puck.
9:24 of 3rd period - Icing by Roman Josi.
9:25 of 3rd period - Jiri Tlusty wins face-off versus Steven Stamkos in Predators zone.
9:58 of 3rd period - T.J. Oshie is hit by Cody Eakin.
10:17 of 3rd period - T.J. Oshie is hit by Ryan Kesler and loses puck.
10:31 of 3rd period - T.J. Oshie is hit by Ryan Kesler and loses puck.
11:25 of 3rd period - Shot by Derick Brassard.
11:25 of 3rd period - Shot Misses the Net.
12:06 of 3rd period - Icing by Derek Dorsett.
12:07 of 3rd period - David Desharnais wins face-off versus Chris Kelly in Capitals zone.
12:43 of 3rd period - Minor Penalty to John-Michael Liles for Hooking.
12:44 of 3rd period - Ryan Kesler wins face-off versus Vincent Trocheck in Predators zone.
12:55 of 3rd period - Shot by Ryan Kesler.
12:55 of 3rd period - Stopped by Pekka Rinne without a rebound.
12:56 of 3rd period - Vincent Trocheck wins face-off versus Mathieu Perreault in Predators zone.
13:03 of 3rd period - Shot by Mathieu Perreault.
13:03 of 3rd period - Shot Hit the Post.
13:05 of 3rd period - Shot by Cody Eakin.
13:05 of 3rd period - Stopped by Pekka Rinne without a rebound.
13:06 of 3rd period - Chris Kelly wins face-off versus Ryan Kesler in Predators zone.
13:29 of 3rd period - Zach Bogosian is hit by Ryan Kesler.
13:38 of 3rd period - Off-side.
13:39 of 3rd period - Mathieu Perreault wins face-off versus Chris Kelly in neutral zone.
13:44 of 3rd period - Shot by Nate Guenin.
13:44 of 3rd period - Stopped by Pekka Rinne with a rebound.
13:46 of 3rd period - Shot by Nate Guenin.
13:46 of 3rd period - Stopped by Pekka Rinne without a rebound.
13:47 of 3rd period - Vincent Trocheck wins face-off versus Mathieu Perreault in Predators zone.
13:53 of 3rd period - Icing by Cody Eakin.
13:54 of 3rd period - Vincent Trocheck wins face-off versus Mathieu Perreault in Capitals zone.
14:28 of 3rd period - Shot by Mathieu Perreault.
14:28 of 3rd period - Shot Misses the Net.
14:30 of 3rd period - Shot by Morgan Rielly.
14:30 of 3rd period - Stopped by Pekka Rinne without a rebound.
14:31 of 3rd period - Ryan Kesler wins face-off versus Vincent Trocheck in Predators zone.
14:34 of 3rd period - Shot by David Desharnais.
14:34 of 3rd period - Shot Misses the Net.
14:36 of 3rd period - Shot by Ryan McDonagh.
14:36 of 3rd period - Stopped by Pekka Rinne without a rebound.
14:37 of 3rd period - Vincent Trocheck wins face-off versus Jiri Tlusty in Predators zone.
14:41 of 3rd period - Off-side.
14:42 of 3rd period - Vincent Trocheck wins face-off versus Ryan Kesler in neutral zone.
14:44 of 3rd period - Cody Franson is hit by Mike Green and loses puck.
15:11 of 3rd period - Shot by Nicklas Backstrom.
15:11 of 3rd period - Stopped by Cam Ward without a rebound.
15:12 of 3rd period - Jaden Schwartz wins face-off versus Mathieu Perreault in Capitals zone.
15:43 of 3rd period - Shot by Cody Eakin.
15:43 of 3rd period - Stopped by Pekka Rinne with a rebound.
15:45 of 3rd period - Shot by Cody Eakin.
15:45 of 3rd period - Stopped by Pekka Rinne without a rebound.
15:46 of 3rd period - Vincent Trocheck wins face-off versus Taylor Hall in Predators zone.
16:21 of 3rd period - Shot by Artem Anisimov.
16:21 of 3rd period - Goal by Artem Anisimov - Predators : 2 - Capitals : 3.
16:22 of 3rd period - Mathieu Perreault wins face-off versus Steven Stamkos in neutral zone.
16:39 of 3rd period - Shot by Mathieu Perreault.
16:39 of 3rd period - Stopped by Pekka Rinne without a rebound.
16:40 of 3rd period - David Desharnais wins face-off versus Nicklas Backstrom in Predators zone.
17:02 of 3rd period - Shot by David Desharnais.
17:02 of 3rd period - Shot Misses the Net.
17:22 of 3rd period - Shot by Alexander Ovechkin.
17:22 of 3rd period - Stopped by Pekka Rinne without a rebound.
17:23 of 3rd period - Mathieu Perreault wins face-off versus Vincent Trocheck in Predators zone.
17:28 of 3rd period - Shot by Mathieu Perreault.
17:28 of 3rd period - Stopped by Pekka Rinne without a rebound.
17:29 of 3rd period - Vincent Trocheck wins face-off versus Mathieu Perreault in Predators zone.
17:29 of 3rd period - Vincent Trocheck is hit by Mathieu Perreault.
17:44 of 3rd period - Shot by Mathieu Perreault.
17:44 of 3rd period - Stopped by Pekka Rinne without a rebound.
17:45 of 3rd period - Ryan Kesler wins face-off versus Steven Stamkos in Predators zone.
17:56 of 3rd period - Shot by Taylor Hall.
17:56 of 3rd period - Stopped by Pekka Rinne without a rebound.
17:57 of 3rd period - Cody Eakin wins face-off versus Vincent Trocheck in Predators zone.
17:58 of 3rd period - Shot by Mathieu Perreault.
17:58 of 3rd period - Stopped by Pekka Rinne without a rebound.
17:59 of 3rd period - Vincent Trocheck wins face-off versus Mathieu Perreault in Predators zone.
18:15 of 3rd period - Minor Penalty to Cody Eakin for Tripping.
18:16 of 3rd period - Andrew Desjardins wins face-off versus Jaden Schwartz in Capitals zone.
18:29 of 3rd period - Shot by Jaden Schwartz.
18:29 of 3rd period - Deflect By Steven Stamkos.
18:29 of 3rd period - Shot Misses the Net.
18:39 of 3rd period - Shot by Jaden Schwartz.
18:39 of 3rd period - Stopped by Cam Ward with a rebound.
18:41 of 3rd period - Shot by Nicklas Backstrom.
18:41 of 3rd period - Shot Blocked by Ryan McDonagh.
18:43 of 3rd period - Shot by Steven Stamkos.
18:43 of 3rd period - Shot Misses the Net.
18:45 of 3rd period - Shot by Roman Josi.
18:45 of 3rd period - Shot Misses the Net.
18:47 of 3rd period - Shot by Zach Bogosian.
18:47 of 3rd period - Shot Blocked by Mike Green.
19:01 of 3rd period - Predators, Pekka Rinne is pulled from the net.
19:08 of 3rd period - Icing by Roman Josi.
19:09 of 3rd period - Pekka Rinne from Predators was sent back in the game.
19:09 of 3rd period - Nicklas Backstrom wins face-off versus Ryan Kesler in Predators zone.
19:30 of 3rd period - Predators, Pekka Rinne is pulled from the net.
19:34 of 3rd period - Shot by Max Pacioretty.
19:34 of 3rd period - Shot Misses the Net.
19:36 of 3rd period - Shot by Cody Franson.
19:36 of 3rd period - Shot Blocked by Nate Guenin.
19:38 of 3rd period - Shot by Max Pacioretty.
19:38 of 3rd period - Stopped by Cam Ward with a rebound.
19:47 of 3rd period - Shot by Max Pacioretty.
19:47 of 3rd period - Goal by Max Pacioretty - Predators : 3 - Capitals : 3.
19:47 of 3rd period - Pekka Rinne from Predators was sent back in the game.
19:48 of 3rd period - Vincent Trocheck wins face-off versus Mathieu Perreault in neutral zone.
Goals for this period are 2 for Predators vs 1 for Capitals.
Shots for this period are 11 for Predators vs 17 for Capitals.

Overtime #1


0:01 of 1st overtime period - Matt Stajan wins face-off versus Steven Stamkos in neutral zone.
1:25 of 1st overtime period - Shot by T.J. Oshie.
1:25 of 1st overtime period - Goal by T.J. Oshie - Predators : 4 - Capitals : 3.
Goals for this period are 1 for Predators vs 0 for Capitals.
Shots for this period are 1 for Predators vs 0 for Capitals.